 Dungeon Crawl Stone Soup version 0.21.1-1-g345015f (webtiles) character file.

201 Kairos the Chopper (level 6, -2/48 HPs)
             Began as a Human Fighter on Apr 1, 2018.
             Was an Initiate of Okawaru.
             Slain by an ogre
             ... wielding a +0 giant club
              (20 damage)
             ... on level 4 of the Dungeon.
             The game lasted 00:03:49 (2483 turns).

Kairos the Chopper (Human Fighter)                  Turns: 2483, Time: 00:03:50

Health: -2/48      AC: 13    Str: 17    XL:     6   Next: 7%
Magic:  6/6        EV:  8    Int:  8    God:    Okawaru [......]
Gold:   264        SH:  9    Dex: 14    Spells: 5/5 levels left

rFire    . . .     SeeInvis .   a - +0 war axe
rCold    + . .     Gourm    .   c - +0 shield
rNeg     . . .     Faith    .   n - +4 ring mail {rC+}
rPois    .         Spirit   .   (no helmet)
rElec    .         Reflect  .   e - +0 cloak
rCorr    .         Harm     .   r - +1 pair of gloves
MR       .....                  (no boots)
Stlth    +.........             (no amulet)
HPRegen  0.16/turn              (no ring)
MPRegen  0.10/turn              (no ring)

@: no status effects
A: no striking features
a: Renounce Religion


You were on level 4 of the Dungeon.
You worshipped Okawaru.
Okawaru was noncommittal.
You were not hungry.

You visited 1 branch of the dungeon, and saw 4 of its levels.

You collected 264 gold pieces.

Inventory:

Hand Weapons
 a - a +0 war axe (weapon)
 u - a +3 flail
Armour
 c - a +0 shield (worn)
 e - a +0 cloak (worn)
 n - a +4 ring mail of cold resistance (worn)
 r - a +1 pair of gloves (worn)
Wands
 m - a wand of disintegration (15)
 s - a wand of paralysis (11)
Scrolls
 b - a scroll of enchant weapon {unknown}
 g - a scroll of magic mapping {unknown}
 l - 3 scrolls of identify {unknown}
 o - 2 scrolls of remove curse {unknown}
Potions
 d - a potion of might
 h - a potion of flight {unknown}
 i - a potion of lignification {unknown}
 j - 2 potions of heal wounds {unknown}
 k - a potion of cancellation {unknown}
 p - a potion of ambrosia {unknown}
 q - a potion of magic {unknown}
 v - a potion of agility {unknown}
Comestibles
 f - 7 rations
 t - 3 chunks of flesh


   Skills:
 + Level 3.7 Fighting
 + Level 3.9 Axes
 + Level 3.8 Armour
 + Level 0.9 Dodging
 + Level 3.8 Shields


You had 5 spell levels left.
You didn't know any spells.

Dungeon Overview and Level Annotations

Branches:
Dungeon (4/15)
 Temple: D:4-7

Altars:
Okawaru
Xom

Shops:
D:4 *


Message History

An ogre is nearby!
You hit the ogre.
The ogre is lightly wounded.
The ogre hits you with a giant club!!
You slash the ogre!
The ogre is moderately wounded.
The ogre hits you with a giant club!
You are too injured to fight recklessly!
You are too injured to fight recklessly!
You are too injured to fight recklessly!
Okay, then.
Firing (i - inventory): No suitable missiles.
Press: ? - help, Shift-Dir - straight line, f - ogre
Aim: an ogre, wielding a giant club (moderately wounded)
Okay, then.
Aiming: Disintegrate
Press: ? - help, Shift-Dir - straight line, f - ogre
Aim: an ogre, wielding a giant club (moderately wounded, chance to defeat MR: 65%)
The ogre struggles to resist.
The ogre hits you with a giant club!!
You die...

#.................#....
###################.###
#...........#
#####'###########
#.......# #....†.
#.......# #.#####
#.......#
#######.......#
#....O@.......#
##.####.......#
#...#..... #.#.#.#####
#.#.#.# #.#.# #.#.# ..


You could see an ogre.

Vanquished Creatures
  A howler monkey (D:4)
  A centaur skeleton (D:3)
  2 adders
  An adder skeleton (D:4)
  3 worms (D:2)
  2 dart slugs
  5 leopard geckos
  7 orcs
  A giant cockroach (D:3)
  8 goblins
  14 hobgoblins
  8 jackals
  2 quokkas (D:2)
  7 bats
  8 frilled lizards
  10 kobolds
  3 rats
83 creatures vanquished.

Notes
Turn   | Place    | Note
-------+----------+-------------------------------------------
     0 | D:1      | Kairos the Human Fighter began the quest for the Orb.
     0 | D:1      | Reached XP level 1. HP: 18/18 MP: 1/1
    30 | D:1      | Reached XP level 2. HP: 13/24 MP: 2/2
   323 | D:1      | Reached XP level 3. HP: 29/29 MP: 3/3
   650 | D:2      | Reached XP level 4. HP: 22/35 MP: 4/4
  1343 | D:2      | Found a shimmering altar of Xom.
  1605 | D:3      | Reached XP level 5. HP: 40/41 MP: 5/5
  1645 | D:3      | Found an iron altar of Okawaru.
  1684 | D:3      | Became a worshipper of Warmaster Okawaru
  1904 | D:3      | Found an iron altar of Okawaru.
  2295 | D:4      | Reached XP level 6. HP: 41/48 MP: 6/6
  2433 | D:4      | Found Ugeneal's Elemental Accessories.
  2479 | D:4      | Noticed an ogre
  2483 | D:4      | Slain by an ogre

Skill      XL: |  1  2  3  4 |
---------------+-------------+-----
Axes           | 3 |  3.9
Fighting       | |  3.7
Armour         | |  3.8
Dodging        | |  0.9
Shields        | |  3.8

Action                   |  1- 3 |  4- 6 || total
-------------------------+-------+-------++-------
Melee: War axe           |   102 |   147 ||   249
Evoke: Wand              |       |     1 ||     1
  Eat: Chunk             |       |     6 ||     6
Armor: Scale mail        |    70 |    37 ||   107
       Ring mail         |       |    44 ||    44
Dodge: Dodged            |    38 |    42 ||    80
Block: Shield            |    83 |    75 ||   158
